 Dungeon Crawl Stone Soup version 0.31-a0-801-gc67433417a (webtiles) character file.

Game seed: 12652376984195441890

6 GordonOverkill the Sneak (level 1, -2/13 HPs)
             Began as a Deep Elf Delver on Sept 20, 2023.
             Slain by a hound (5 damage)
             ... on level 4 of the Dungeon.
             The game lasted 00:01:44 (327 turns).

GordonOverkill the Sneak (Deep Elf Delver)           Turns: 327, Time: 00:01:44

Health: -2/13      AC:  3    Str:  9    XL:     1   Next: 75%
Magic:  3/3        EV: 12    Int: 14    God:
Gold:   20         SH:  0    Dex: 16    Spells: 0/0 levels left

rFire   . . .        a - +0 short sword
rCold   . . .        (no shield)
rNeg    . . .        b - +0 leather armour
rPois   .            (no helmet)
rElec   .            (no cloak)
rCorr   .            (no gloves)
SInv    .            (no boots)
Will    .....        (no amulet)
Stlth   +++          (no ring)
HPRegen 0.22/turn    (no ring)
MPRegen 0.08/turn

%: no passive effects
@: brilliant, hasted, very quick
A: no striking features
a: no special abilities


You were on level 4 of the Dungeon.
You visited 1 branch of the dungeon, and saw 3 of its levels.

You collected 20 gold pieces.

Inventory:

Hand Weapons
 a - a +0 short sword (weapon)
Armour
 b - a +0 leather armour (worn)
 d - a +0 robe
Wands
 g - a wand of digging (3)
Scrolls
 c - a scroll of fog
 h - a scroll of identify {unknown}
 j - a scroll of enchant weapon {unknown}


   Skills:
 + Level 2.8 Fighting
 - Level 2.0 Short Blades
 - Level 2.4 Dodging
 - Level 6.0 Stealth


You couldn't memorise any spells.
You didn't know any spells.
Your spell library was empty.

Dungeon Overview and Level Annotations

Branches:
Dungeon (6/15)
 Temple: D:4-7

Altars:

Annotations:
D:4 2 transporters, Grinder; Revguard's ghost, weakling DsFi
D:6 Sigmund


Message History

* * * LOW HITPOINT WARNING * * *
The hound closely misses you.
It was a potion of brilliance.
You feel clever all of a sudden. The hound barely misses you.
The hound bites you but does no damage.
You feel yourself speed up. The hound bites you.
* * * LOW HITPOINT WARNING * * *
The hound attacks as it pursues you! The hound bites you but does no damage.
The hound attacks as it pursues you! The hound bites you.
* * * LOW HITPOINT WARNING * * *
The hound attacks as it pursues you! The hound closely misses you.
The hound attacks as it pursues you! The hound bites you.
* * * LOW HITPOINT WARNING * * *
The hound attacks as it pursues you! The hound misses you.
The hound attacks as it pursues you! The hound bites you.
* * * LOW HITPOINT WARNING * * *
The hound attacks as it pursues you! The hound misses you.
The hound attacks as it pursues you! The hound misses you.
The hound attacks as it pursues you! The hound bites you.
* * * LOW HITPOINT WARNING * * *
The hound attacks as it pursues you! The hound bites you but does no damage.
The adder hisses angrily.
The adder misses you. The hound attacks as it pursues you!
The hound bites you but does no damage. The adder attacks as it pursues you!
The adder barely misses you. The hound attacks as it pursues you!
The hound barely misses you.
You open the door.
There is an open door here.
The hound barely misses you. The hound attacks as it pursues you!
The hound closely misses you.
A goblin comes into view. It is wielding a +0 dagger.
The goblin shouts!
You hit the goblin.
The goblin is severely wounded.
The goblin hits you with a +0 dagger.
* * * LOW HITPOINT WARNING * * *
You hit the goblin.
You kill the goblin!
The hound bites you.
You die...

o..........# #.# *
...........# #.# *
###........# #.# *
##.......# #.# *
#.......# #.# *
######### #S# * #.#
*********########h#
,,,,,,,,,......)@.#
*********##########


You could see a hound and an adder.

Vanquished Creatures
  A dart slug (D:4)
  2 goblins (D:4)
  A hobgoblin (D:4)
  A ball python (D:4)
5 creatures vanquished.

Notes
Turn   | Place    | Note
-------+----------+-------------------------------------------
     0 | D:5      | GordonOverkill the Deep Elf Delver began the quest for the
                  | Orb.
     0 | D:5      | Reached XP level 1. HP: 13/13 MP: 3/3
     1 | D:6      | Noticed Sigmund
     1 | D:6      | Noticed an ice beast
    36 | D:5      | Noticed a phantom
   186 | D:4      | Noticed Grinder
   187 | D:4      | Found a transporter.
   187 | D:4      | Noticed Revguard's ghost (weakling DsFi)
   196 | D:4      | Found a transporter.
   198 | D:4      | Noticed a sleepcap
   198 | D:4      | Noticed an iguana
   239 | D:4      | Noticed a hound
   327 | D:4      | Slain by a hound

Illustrated notes

Levels and vault maps discovered:
D:4:      layout_basic, general_overflow_altar,
          mainiacjoe_overflow_concentric_impassable, gammafunk_ghost_arena,
          uniq_grinder, uniq_edmund
D:5:      layout_loops_ring, temple_doors_e,
          nicolae_concentric_dashed_squares_wild, minivault_23
D:6:      layout_rooms, minmay_statues_item, sigmund_army, uniq_eustachio

Action                     || total
---------------------------++-------
  Melee: Short sword       ||    13
    Use: Scroll            ||     2
         Potion            ||     2
   Stab: Sleeping          ||     1
 Armour: Leather armour    ||    17
  Dodge: Dodged            ||    21

Table legend: (Time is in decaauts)
 A = Elapsed time spent in this place.
 B = Non-inter-level travel time spent in this place.
 C = Inter-level travel time spent in this place.
 D = Time resting spent in this place.
 E = Time spent auto-exploring this place.
 F = Levels seen in this place.
 G = Mean time per level.
                   A        B        C        D        E       F      G
               +--------+--------+--------+--------+--------+-----+--------+
         Total |    312 |    312 |      0 |      2 |      0 |   3 |  104.0 |
       Dungeon |    312 |    312 |      0 |      2 |      0 |   3 |  104.0 |
               +--------+--------+--------+--------+--------+-----+--------+

Top non-repeatable levels by time:
     D:4: 219 daAuts
     D:5: 91 daAuts
     D:6: 1 daAuts
